 Dungeon Crawl Stone Soup version 0.32-a0-450-g080537f31e (webtiles) character file.

Game seed: 12477162422408594410

7 Bravepunisher the Ducker (level 1, -2/11 HPs)
             Began as a Spriggan Monk on Feb 23, 2024.
             Slain by a water moccasin (5 damage)
             ... on level 5 of the Dungeon.
             The game lasted 00:01:20 (266 turns).

Bravepunisher the Ducker (Spriggan Monk)             Turns: 266, Time: 00:01:21

Health: -2/11      AC:  2    Str:  7    XL:     1   Next: 91%
Magic:  2/2        EV: 19    Int: 11    God:
Gold:   0          SH:  0    Dex: 17    Spells: 0/0 levels left

rFire   . . .        a - +0 short sword
rCold   . . .        (no shield)
rNeg    . . .        b - +0 robe
rPois   .            (helmet restricted)
rElec   .            (no cloak)
rCorr   .            (gloves unavailable)
SInv    +            (boots unavailable)
Will    .....        (no amulet)
Stlth   +            (no ring)
HPRegen 0.21/turn    (no ring)
MPRegen 0.08/turn

%: no passive effects
@: slow
A: very small, no large weapons, unfitting armour, see invisible, speed 3
a: no special abilities


You were on level 5 of the Dungeon.
You visited 1 branch of the dungeon, and saw 5 of its levels.

Inventory:

Hand Weapons
 a - a +0 short sword (weapon)
Armour
 b - a +0 robe (worn)
Potions
 c - a potion of ambrosia


   Skills:
 + Level 2.5 Fighting
 - Level 3.2 Short Blades
 * Level 4.5 Dodging


You couldn't memorise any spells.
You didn't know any spells.
Your spell library was empty.

Dungeon Overview and Level Annotations

Branches:
Dungeon (5/15)
 Temple: D:4-7

Altars:
Uskayaw

Shops:
D:2 (

Portals:
Sewer: D:3


Innate Abilities, Weirdness & Mutations

You are very small and have problems with some larger weapons.
You are too small for most types of armour.
You have supernaturally acute eyesight. (SInv)
You cover ground extremely quickly. (Speed+++)


Message History

A hobgoblin comes into view.
Found 9 stones.
The hobgoblin shouts!
A hobgoblin comes into view.
Found a sling.
The hobgoblin shouts!
The hobgoblin attacks as it pursues you!
The hobgoblin misses you.
The hobgoblin attacks as it pursues you!
The hobgoblin closely misses you.
An endoplasm comes into view.
Found 5 stones.
The endoplasm quivers.
Found a scroll labelled VYT XINAF.
Found a stone staircase leading up.
Found a stone staircase leading down.
There is a stone staircase leading down here.
You climb downwards.
Found a scroll labelled VAUTZEJ KIWN.
There is a stone staircase leading up here.
Found a long sword.
You enter the shallow water.
Moving in this stuff is going to be slow.
The water moccasin attacks as it pursues you!
The water moccasin misses you. The water moccasin closely misses you.
You see here a +0 long sword.
Okay, then.
You aren't carrying any scrolls.
Unknown command.
You miss the water moccasin. The water moccasin bites you.
You enter the shallow water.
Moving in this stuff is going to be slow.
The water moccasin bites you!
Ouch! That really hurt!
* * * LOW HITPOINT WARNING * * *
The water moccasin closely misses you. The water moccasin misses you.
You enter the shallow water.
Moving in this stuff is going to be slow.
The water moccasin bites you.
You die...

..## ♣♣.~♣ ### ♣P~P #..
♣.~♣♣ #.# ♣♣~~♣ #.#
♣♣♣♣.~~♣♣♣♣♣#
##.###♣♣P~♣~~~P♣P~~###..
<......~~)~~~..S@~......
...#.#~♣P♣P~~~~~♣~♣#....
......♣♣♣♣♣.~~♣♣♣♣♣ .
...#.## ♣♣~♣♣ ~P.....
♣P~♣ ~..P.### ♣P.♣
~....# ♣~.♣ ♣♣..P# ##.#


You could see a water moccasin.

Vanquished Creatures
  A bat (D:2)
  3 giant cockroaches (D:3)
  A quokka (D:3)
  A frilled lizard (D:3)
6 creatures vanquished.

Notes
Turn   | Place    | Note
-------+----------+-------------------------------------------
     0 | D:1      | Bravepunisher the Spriggan Monk began the quest for the
                  | Orb.
     0 | D:1      | Reached XP level 1. HP: 11/11 MP: 2/2
    35 | D:2      | Found a hide-covered altar of Uskayaw.
    49 | D:2      | Found Asuip's Weapon Emporium.
    93 | D:3      | Found a glowing drain.
   249 | D:5      | Entered Level 5 of the Dungeon
   249 | D:5      | Noticed a water moccasin
   266 | D:5      | Slain by a water moccasin

Illustrated notes

Levels and vault maps discovered:
D:1:      dpeg_arrival_houses_and_road, layout_rooms, serial_shops,
          nicolae_shop_stone, shapermc_ecumenical_altar_mp_vishouse,
          interstate_on_off
D:2:      layout_basic, basic_altar, serial_shops,
          nicolae_shop_advertising_works [nicolae_subvault_shop_adworks], shop,
          shop_fountains
D:3:      wad_pebble_path, layout_basic, portal_sewer_entry_f
D:4:      layout_cave_pools, mainiacjoe_overflow_alcove_4
D:5:      layout_loops_corners, minmay_temple_entry_nine_rooms, serial_bayou,
          serial_bayou_pond_a, serial_bayou_shore_b, serial_bayou_crossing,
          serial_bayou_shore_a

Action                     || total
---------------------------++-------
  Melee: Short sword       ||    30
 Armour: Robe              ||    15
  Dodge: Dodged            ||    47

Table legend: (Time is in decaauts)
 A = Elapsed time spent in this place.
 B = Non-inter-level travel time spent in this place.
 C = Inter-level travel time spent in this place.
 D = Time resting spent in this place.
 E = Time spent auto-exploring this place.
 F = Levels seen in this place.
 G = Mean time per level.
                   A        B        C        D        E       F      G
               +--------+--------+--------+--------+--------+-----+--------+
         Total |    181 |    181 |      0 |      0 |     28 |   5 |   36.2 |
       Dungeon |    181 |    181 |      0 |      0 |     28 |   5 |   36.2 |
               +--------+--------+--------+--------+--------+-----+--------+

Top non-repeatable levels by time:
     D:3: 100 daAuts
     D:2: 27 daAuts
     D:4: 26 daAuts
     D:5: 13 daAuts
     D:1: 13 daAuts
